AoeStats
← Mr.Godo

Yucatan

510305033Analyzed
4v4 RM · 1d ago on Sep 30, 2026· 51m 56s· 8 players
Game mode
Random Map
Map size
Large (8 player)
Population
200
Speed
Normal
Resources
Standard
Victory
Conquest
Starting age
Dark Age
Ending age
Imperial Age
RankedLock teamsTeams togetherTeam positionsShared explorationLock speedFull tech treeHidden civsTurbo modeCheats
Victory
Defeat
🇲🇹 Persians · Malta
1201
+15
🇺🇸 Varangians · United States
1197
+16
🇮🇳 Sicilians · India
1190
+16
🇮🇹 Franks · Italy
1165
+17
🇰🇷 Tatars · South Korea
1302
-20
🇰🇷 Vietnamese · South Korea
1203
-17
🇰🇷 Saracens · South Korea
1176
-16
🇰🇷 Persians · South Korea
1073
-11
Alpenhime
6:08 Loom
10:34 Feudal Age
13:13 Double-Bit Axe
16:26 Castle Age
14:47 Double-Bit Axe
17:17 Horse Collar
20:13 Heavy Plow
24:00 Fletching
25:06 Crossbowman
25:40 Gold Mining
28:02 Thumb Ring
29:17 Pikeman
30:04 Stone Mining
30:39 Padded Archer Armor
31:58 Bodkin Arrow
32:52 Stone Shaft Mining
33:05 Ballistics
32:47 Scale Mail Armor
33:45 Chain Mail Armor
34:49 Wheelbarrow
33:59 Town Watch
34:32 Squires
36:12 Leather Archer Armor
36:08 Forging
40:25 Imperial Age
38:12 Hand Cart
37:45 Treadmill Crane
38:16 Fortified Wall
40:04 Elite Skirmisher
41:12 Masonry
41:42 Crop Rotation
40:35 Halberdier
41:28 Bow Saw
41:15 Arbalester
42:42 Bracer
43:14 Plate Mail Armor
43:51 Chemistry
46:08 Ring Archer Armor
46:14 Iron Casting
46:14 Imperial Skirmisher
48:13 Paper Money
48:52 Scale Barding Armor
49:34 Onager
50:36 Arson
50:12 Man-at-Arms
51:09 Siege Engineers
Mr.Godo
7:20 Loom
9:46 Feudal Age
11:26 Double-Bit Axe
14:38 Fletching
15:17 Padded Archer Armor
18:57 Horse Collar
22:02 Castle Age
20:28 Gold Mining
22:44 Crossbowman
23:32 Thumb Ring
35:53 Heavy Plow
42:10 Forging
44:21 Scale Mail Armor
44:28 Scale Barding Armor
46:07 Bloodlines
iTunes
10:16 Feudal Age
14:04 Castle Age
11:51 Double-Bit Axe
13:46 Loom
16:16 Fletching
20:07 Bodkin Arrow
23:00 Husbandry
24:48 Horse Collar
27:34 Ballistics
33:20 Wheelbarrow
36:28 Hand Cart
38:52 Imperial Age
36:30 Town Watch
36:53 Gold Mining
36:54 Stone Mining
37:54 Scale Barding Armor
38:00 Forging
38:20 Bow Saw
38:13 Heavy Plow
39:01 Bloodlines
38:56 Heavy Camel Rider
40:40 Crop Rotation
40:20 Bracer
41:30 Chemistry
41:03 Conscription
43:55 Gold Shaft Mining
47:13 Chain Barding Armor
46:47 Heavy Cavalry Archer
49:59 Padded Archer Armor
50:35 Plate Barding Armor
50:17 Light Cavalry
51:40 Iron Casting
52:29 Timurid Siegecraft
52:26 Siege Engineers
Sophie_J
8:50 Loom
11:03 Feudal Age
15:36 Castle Age
13:58 Double-Bit Axe
18:12 Stone Mining
18:13 Gold Mining
22:59 Horse Collar
25:01 Bloodlines
25:07 Scale Barding Armor
26:29 Husbandry
27:17 Wheelbarrow
26:27 Town Watch
26:48 Squires
26:34 Arson
28:07 Hand Cart
31:00 Chain Barding Armor
31:03 Pikeman
36:34 Imperial Age
35:36 Murder Holes
35:53 Forging
35:44 Scale Mail Armor
37:51 Conscription
36:52 Elite War Elephant
37:24 Cavalier
37:25 Light Cavalry
38:06 Halberdier
40:37 Guilds
41:19 Hoardings
41:32 Citadels
44:16 Gold Shaft Mining
44:16 Stone Shaft Mining
43:53 Bow Saw
43:51 Heavy Plow
44:05 Kamandaran
44:35 Masonry
45:01 Iron Casting
44:41 Chain Mail Armor
45:01 Plate Barding Armor
44:27 Padded Archer Armor
45:20 Crossbowman
46:18 Thumb Ring
49:17 Plate Barding Armor
49:12 Plate Mail Armor
49:43 Blast Furnace
48:33 Fletching
48:59 Leather Archer Armor
49:31 Savar
51:07 Architecture
proxxi
10:59 Feudal Age
14:36 Castle Age
13:59 Double-Bit Axe
15:48 Loom
16:38 Wheelbarrow
16:16 Bow Saw
19:08 Bloodlines
18:58 Husbandry
19:21 Horse Collar
23:13 Scale Barding Armor
29:20 Hand Cart
29:55 Heavy Plow
33:57 Imperial Age
33:03 Chain Barding Armor
33:40 Gold Mining
33:46 Cavalier
34:25 Town Watch
34:57 Forging
38:18 Plate Barding Armor
38:19 Savar
42:07 Conscription
43:33 Gold Shaft Mining
47:04 Stone Mining
52:38 Iron Casting
51:31 Onager
Kryptonknight
9:53 Loom
12:03 Feudal Age
15:52 Castle Age
18:20 Double-Bit Axe
18:17 Horse Collar
21:08 Loom
23:18 Husbandry
24:07 Bloodlines
28:38 Wheelbarrow
31:12 Heavy Plow
31:53 Hand Cart
34:59 Imperial Age
33:55 Fletching
34:11 Scale Mail Armor
34:24 Forging
34:20 Scale Barding Armor
35:04 Elite Jarl
37:53 Bodkin Arrow
39:57 Conscription
40:39 Chain Barding Armor
41:18 Iron Casting
42:49 Plate Barding Armor
44:20 Blast Furnace
48:08 Siege Engineers
48:24 Ballistics
49:04 Chemistry
48:51 Bow Saw
49:12 Crop Rotation
48:33 Gold Mining
Butcher
7:21 Loom
9:44 Feudal Age
17:43 Castle Age
22:40 Double-Bit Axe
27:08 Wheelbarrow
29:30 Fletching
29:47 Scale Barding Armor
32:30 Bodkin Arrow
32:56 Chain Barding Armor
34:35 Horse Collar
35:08 Bow Saw
34:50 Gold Mining
39:03 Imperial Age
37:43 Scale Mail Armor
37:53 Forging
39:26 First Crusade
39:18 Squires
39:04 Gambesons
40:37 Conscription
39:49 Pikeman
41:33 Chain Mail Armor
41:22 Arson
41:43 Halberdier
42:52 Hand Cart
42:52 Heavy Plow
43:34 Plate Mail Armor
47:33 Crop Rotation
47:39 Gold Shaft Mining
47:42 Iron Casting
47:08 Padded Archer Armor
48:31 Elite Serjeant
49:17 Hauberk
50:35 Town Watch
51:52 Blast Furnace
HuLB
10:42 Feudal Age
14:33 Castle Age
15:29 Double-Bit Axe
20:10 Bow Saw
20:54 Wheelbarrow
20:11 Loom
20:46 Husbandry
26:04 Scale Barding Armor
28:54 Hand Cart
36:27 Imperial Age
34:46 Forging
36:16 Iron Casting
36:55 Chain Barding Armor
36:43 Cavalier
39:13 Conscription
38:50 Gold Mining
39:37 Paladin
43:36 Plate Barding Armor
44:01 Blast Furnace
44:08 Elite Skirmisher
46:35 Gold Shaft Mining
47:10 Capped Ram
50:11 Chemistry
49:37 Ballistics
Connection lost

Rejoining the realm…

Still unreachable

The connection could not be restored.

Session expired

The server has moved on; the page needs a fresh start.